 Dungeon Crawl Stone Soup version 0.26.0-45-g9c1d065592 (webtiles) character file.

Game seed: 1437376285322780836

79 kreisler the Sneak (level 4, 0/30 HPs)
             Began as an Octopode Brigand on Jan 30, 2021.
             Slain by an orc wizard
             ... wielding a +0 dagger
              (2 damage)
             ... on level 3 of the Dungeon.
             The game lasted 00:05:58 (2129 turns).

kreisler the Sneak (Octopode Brigand)               Turns: 2129, Time: 00:05:59

Health: 0/30       AC:  1    Str: 11    XL:     4   Next: 37%
Magic:  4/4        EV: 13    Int: 13    God:
Gold:   80         SH:  0    Dex: 13    Spells: 3/3 levels left

rFire    . . .     SeeInvis .   a - +2 dagger
rCold    . . .     Faith    .   (no shield)
rNeg     . . .     Spirit   .   (helmet restricted)
rPois    .         Reflect  .   (no amulet)
rElec    .         Harm     .   (no ring)
rCorr    .         Rampage  .   (no ring)
Will     .....                  (no ring)
Stlth    ++........             (no ring)
HPRegen  0.10/turn              (no ring)
MPRegen  0.09/turn              (no ring)
                                (no ring)
                                (no ring)

@: confused
A: almost no armour, stealthy swim, amphibious, 8 rings, constrict 8, camouflage
1, gelatinous body 1
a: no special abilities


You were on level 3 of the Dungeon.
You visited 1 branch of the dungeon, and saw 3 of its levels.

You collected 80 gold pieces.

Inventory:

Hand Weapons
 a - a +2 dagger (weapon)
Missiles
 b - 16 poisoned darts (quivered)
 c - 2 curare-tipped darts
Scrolls
 g - 2 scrolls of identify
 j - a scroll of remove curse
Potions
 d - a potion of attraction


   Skills:
 + Level 2.3 Fighting
 + Level 2.4 Short Blades
 + Level 2.1 Throwing
 + Level 1.2 Dodging
 + Level 7.2 Stealth


You had 3 spell levels left.
You didn't know any spells.
Your spell library was empty.

Dungeon Overview and Level Annotations

Branches:
Dungeon (3/15)

Altars:
Cheibriados
Gozag


Innate Abilities, Weirdness & Mutations

You cannot wear most types of armour.
You are very stealthy in the water. (Stealth+)
You are amphibious.
You can wear up to eight rings at the same time.
You can use your tentacles to constrict eight enemies at once.
Your skin changes colour to match your surroundings (Stealth+).
Your rubbery body absorbs attacks. (AC +1, EV +1)


Message History

The orc throws a stone.
The stone closely misses you.
You barely miss something.
The orc throws a stone.
The stone closely misses you. Something hits you.
You barely miss something. Something hits you!
The orc throws a stone.
The stone hits you but does no damage. Something hits you.
You closely miss something. Something hits you.
* * * LOW HITPOINT WARNING * * *
The orc throws a stone.
The stone barely misses you.
You hear some strange, mumbled words.
You are confused.
You feel better. Something hits you.
The orc throws a stone.
Something hits you.
* * * LOW HITPOINT WARNING * * *
It was a potion of magic.
Magic courses through your body. Something hits you.
* * * LOW HITPOINT WARNING * * *
The orc throws a stone.
The stone barely misses you.
You hear some strange, mumbled words.
You are confused.
You bump into the rock wall.
Something hits you.
You die...

###########....######
..................[.>
###########.#'######.#
#..(........
####.#####.# #..#
##.## #..# ##@# #{#
#.o# ..(.. ...(....
#..........
#..)....### #........
###......#


You could see an orc.

Vanquished Creatures
  An adder (D:2)
  An ooze (D:3)
  A worm (D:2)
  3 dart slugs
  A leopard gecko (D:2)
  2 orcs (D:3)
  5 bats
  6 goblins
  9 hobgoblins
  3 jackals (D:1)
  10 kobolds
  6 frilled lizards
  A rat (D:2)
49 creatures vanquished.

Notes
Turn   | Place    | Note
-------+----------+-------------------------------------------
     0 | D:1      | kreisler the Octopode Brigand began the quest for the Orb.
     0 | D:1      | Reached XP level 1. HP: 14/14 MP: 1/1
   177 | D:1      | Reached skill level 6 in Stealth
   177 | D:1      | Reached XP level 2. HP: 19/19 MP: 2/2
   473 | D:1      | Reached XP level 3. HP: 24/24 MP: 3/3
  1109 | D:2      | Found an opulent altar of Gozag.
  1302 | D:2      | Reached XP level 4. HP: 25/30 MP: 4/4
  1582 | D:2      | Reached skill level 7 in Stealth
  1837 | D:3      | Found a snail-covered altar of Cheibriados.
  2129 | D:3      | Slain by an orc wizard

Illustrated notes

Levels and vault maps discovered:
D:1:      sevenhm_arrival_forest_fort_large_2, layout_rooms
D:2:      layout_basic, grunt_gozag_statues
D:3:      layout_basic, cheibriados_altar_1

Skill      XL: |  1  2  3  4 |
---------------+-------------+-----
Stealth        | 6 7 |  7.2
Fighting       | |  2.3
Short Blades   | |  2.4
Throwing       | |  2.1
Dodging        | |  1.2

Action                   |  1- 3 |  4- 6 || total
-------------------------+-------+-------++-------
Melee: Dagger            |    60 |    26 ||    86
       Constrict         |    15 |     4 ||    19
       Tentacles         |     6 |     4 ||    10
Throw: Dart              |       |     5 ||     5
  Use: Scroll            |     4 |     3 ||     7
       Potion            |     2 |     2 ||     4
 Stab: Sleeping          |    12 |     4 ||    16
Armor: Skin              |       |     4 ||     4
Dodge: Dodged            |    32 |    22 ||    54
